 Dungeon Crawl Stone Soup version 0.32-a0-468-g38b2580584 (webtiles) character file.

Game seed: 93253829567309960

33 Goblin1989 the Sneak (level 3, 0/29 HPs)
             Began as a Demonspawn Delver on Feb 24, 2024.
             Frozen to death by an endoplasm (4 damage)
             ... on level 2 of the Dungeon.
             The game lasted 00:04:34 (946 turns).

Goblin1989 the Sneak (Demonspawn Delver)             Turns: 946, Time: 00:04:34

Health: 0/29       AC:  4    Str: 12    XL:     3   Next: 12%
Magic:  3/3        EV: 11    Int: 10    God:
Gold:   91         SH:  0    Dex: 16    Spells: 2/2 levels left

rFire   . . .        a - +0 short sword
rCold   . . .        (no shield)
rNeg    . . .        b - +0 leather armour
rPois   .            j - +0 helmet
rElec   .            (no cloak)
rCorr   .            (no gloves)
SInv    +            (no boots)
Will    .....        (no amulet)
Stlth   +++          k - ring of see invisible
HPRegen 0.24/turn    (no ring)
MPRegen 0.08/turn

%: no passive effects
@: no status effects
A: hooves 1, ignite blood 1
a: no special abilities


You were on level 2 of the Dungeon.
You visited 1 branch of the dungeon, and saw 5 of its levels.

You collected 91 gold pieces.

Inventory:

Hand Weapons
 a - a +0 short sword (weapon)
Missiles
 i - 17 stones (quivered)
 p - a throwing net {!d , @Q1}
Armour
 b - a +0 leather armour (worn)
 j - a +0 helmet (worn)
 s - a +0 ring mail
Jewellery
 k - a ring of see invisible (left hand)
 m - a ring of magical power
 q - a ring of positive energy
Wands
 g - a wand of digging (3) {@v3}
Scrolls
 c - a scroll of fog
 d - a scroll of revelation
 e - a scroll of fear
 l - a scroll of noise {unknown}
 n - a scroll of silence {unknown}
 r - a scroll of butterflies {unknown}
 t - a scroll of identify {unknown}
Potions
 f - a potion of haste {@q3,}
 h - a potion of mutation {unknown}
 o - 2 potions of brilliance {unknown}


   Skills:
 - Level 3.0 Fighting
 + Level 2.6 Short Blades
 - Level 1.7 Dodging
 + Level 5.0 Stealth


You had 2 spell levels left.
You didn't know any spells.
Your spell library was empty.

Dungeon Overview and Level Annotations

Branches:
Dungeon (5/15) Zot: 26236
 Temple: D:4-7

Altars:


Innate Abilities, Weirdness & Mutations

You have large cloven feet.
Your demonic aura sometimes causes spilled blood to erupt in flames.


Message History

The goblin is severely wounded.
The goblin completely misses you. The goblin hits you but does no damage.
The endoplasm freezes you.
You are frozen.
You take 1 damage, and have 14/24 hp.
You are too injured to fight recklessly!
You are too injured to fight recklessly!
You are too injured to fight recklessly!
You are too injured to fight recklessly!
You are too injured to fight recklessly!
You are too injured to fight recklessly!
You are too injured to fight recklessly!
You are too injured to fight recklessly!
You are too injured to fight recklessly!
You are too injured to fight recklessly!
You are too injured to fight recklessly!
You are too injured to fight recklessly!
You are too injured to fight recklessly!
You are too injured to fight recklessly!
You are too injured to fight recklessly!
You are too injured to fight recklessly!
You are too injured to fight recklessly!
You are too injured to fight recklessly!
You are too injured to fight recklessly!
You are too injured to fight recklessly!
The endoplasm freezes you.
You are frozen.
* * * LOW HITPOINT WARNING * * *
You take 5 damage, and have 9/24 hp.
MASSIVE DAMAGE!!
The goblin attacks as it pursues you! The goblin barely misses you.
The goblin attacks as it pursues you! The goblin barely misses you.
The goblin attacks as it pursues you! The goblin misses you.
You see here the +3 mace of Gloom {venom, rElec rF+++ Str-2 Dex-3}.
You hit the goblin.
You kill the goblin!
You have reached level 3!
Your experience leads to an increase in your attributes!
Increase (s)trength, (i)ntelligence, or (d)exterity?
You feel agile. x2; Your demonic ancestry asserts itself...
Your blood heats up.
You regained 2 hp, and now have 12/29 hp.
MP restored: 3 Unknown command.
You completely miss the endoplasm.
You kick the endoplasm, but do no damage.
The endoplasm hits you but does no damage.
You hit the endoplasm but do no damage. You kick the endoplasm.
The endoplasm is moderately wounded.
The endoplasm closely misses you.
You hit the endoplasm.
You kill the endoplasm!
The goblin hits you but does no damage.
Things that are here:
a +0 club; a goblin corpse You hit the goblin.
You kick the goblin.
The goblin is severely wounded.
The goblin hits you but does no damage.
You closely miss the goblin.
The goblin is severely wounded.
The goblin closely misses you.
You completely miss the goblin. Your kick misses the goblin.
The goblin is severely wounded.
The goblin closely misses you.
You barely miss the goblin.
The goblin is severely wounded.
The goblin hits you but does no damage.
You barely miss the goblin. You kick the goblin.
You kill the goblin!
You hit the endoplasm.
You kick the endoplasm, but do no damage.
The endoplasm is moderately wounded.
The endoplasm freezes you.
You are frozen.
* * * LOW HITPOINT WARNING * * *
You take 2 damage, and have 12/29 hp.
You hit the endoplasm.
The endoplasm is severely wounded.
The endoplasm freezes you.
You are frozen.
* * * LOW HITPOINT WARNING * * *
You take 2 damage, and have 10/29 hp.
You hit the endoplasm but do no damage.
You kick the endoplasm, but do no damage.
The endoplasm is severely wounded.
The endoplasm freezes you.
You are frozen.
* * * LOW HITPOINT WARNING * * *
You take 4 damage, and have 6/29 hp.
You hit the endoplasm.
You kill the endoplasm!
The endoplasm freezes you.
You are frozen.
* * * LOW HITPOINT WARNING * * *
You see here a +0 dagger.
You take 2 damage, and have 4/29 hp.
You hit the endoplasm.
The endoplasm is severely wounded.
The endoplasm freezes you.
You are frozen.
You die...

███ ███ █.. ..█ ███
██.█████.██...
█.........█.██ █
█..█ █..........
███████..████...█..█
█.........))@J†....█
█.█████..██████....█
█.█████..████ ....█
█......†....█
.......
████..████..██.█
....... █.....█ █..█
█ ....... █.██.██
█..█ ....█.█ █.██<█
█..█ ....█.█ █.██.█
█...


You could see an endoplasm.

Vanquished Creatures
  6 ball pythons
  2 bats (D:1)
  4 endoplasms
  2 giant cockroaches
  4 goblins
  A hobgoblin (D:2)
  3 kobolds
  A quokka (D:2)
  5 rats
28 creatures vanquished.

Notes
Turn   | Place    | Note
-------+----------+-------------------------------------------
     0 | D:5      | Goblin1989 the Demonspawn Delver began the quest for the
                  | Orb.
     0 | D:5      | Reached XP level 1. HP: 18/18 MP: 1/1
   194 | D:1      | Gained mutation: You have large cloven feet. [demonic
                  | ancestry]
   194 | D:1      | Reached XP level 2. HP: 18/24 MP: 2/2
   910 | D:2      | Reached skill level 5 in Stealth
   915 | D:2      | Identified the +3 mace of Gloom {venom, rElec rF+++ Str-2
                  | Dex-3}
   932 | D:2      | Gained mutation: Your demonic aura sometimes causes spilled
                  | blood to erupt in flames. [demonic ancestry]
   932 | D:2      | Reached XP level 3. HP: 12/29 MP: 3/3
   946 | D:2      | Frozen to death by an endoplasm

Illustrated notes

Levels and vault maps discovered:
D:1:      nzn_arrival_crosshair, layout_basic, chequers_serial_rivers_room_b
D:2:      layout_loops_ring, serial_bayou_lagoon_a
D:3:      layout_basic, serial_shops, nicolae_lakefront_shop,
          guppyfry_early_orc_mine
D:4:      layout_basic, biasface_ghost_orc_armoury, lightli_minifort
D:5:      layout_basic, dancing_weapons_uskayaw, minmay_temple_entry_mist,
          serial_shops, shop, shop, nicolae_shop_gadgets

Skill      XL: |  1  2 |
---------------+-------+-----
Short Blades   | 2 |  2.6
Stealth        | 5 |  5.0
Fighting       | |  3.0
Dodging        | |  1.7

Action                     || total
---------------------------++-------
  Melee: Short sword       ||    92
         Kick              ||    20
   Stab: Sleeping          ||     2
 Armour: Leather armour    ||    52
  Dodge: Dodged            ||    50

Table legend: (Time is in decaauts)
 A = Elapsed time spent in this place.
 B = Non-inter-level travel time spent in this place.
 C = Inter-level travel time spent in this place.
 D = Time resting spent in this place.
 E = Time spent auto-exploring this place.
 F = Levels seen in this place.
 G = Mean time per level.
                   A        B        C        D        E       F      G
               +--------+--------+--------+--------+--------+-----+--------+
         Total |    936 |    883 |     53 |      0 |    535 |   5 |  187.2 |
       Dungeon |    936 |    883 |     53 |      0 |    535 |   5 |  187.2 |
               +--------+--------+--------+--------+--------+-----+--------+

Top non-repeatable levels by time:
     D:1: 622 daAuts
     D:2: 172 daAuts
     D:3: 124 daAuts
     D:4: 10 daAuts
     D:5: 6 daAuts
